 Dungeon Crawl Stone Soup version 0.31-a0-986-g5e6e4ef867 (webtiles) character file.

Game seed: 2414338865699281264

8213 javelincjr the Metamorph (level 11, -5/96 HPs)
             Began as a Troll Shapeshifter on Nov 10, 2023.
             Was the Champion of Jiyva.
             Slain by a polar bear (6 damage)
             ... on level 1 of the Lair of Beasts on Nov 14, 2023.
             The game lasted 00:22:32 (5977 turns).

javelincjr the Metamorph (Troll Shapeshifter)       Turns: 5977, Time: 00:22:33

Health: -5/96      AC:  3    Str: 26    XL:     11   Next: 7%
Magic:  10/10      EV: 10    Int: 14    God:    Jiyva [******]
Gold:   394        SH:  0    Dex:  7    Spells: 10/10 levels left

rFire   . .          .
                       - Unarmed
rCold   . . .        (no shield)
rNeg    + . .        a - melded +0 animal skin
rPois   .            (helmet restricted)
rElec   .            i - +0 cloak
rCorr   +            (gloves unavailable)
SInv    .            (boots unavailable)
Will    +....        (no amulet)
Stlth   +            Q - ring of positive energy
HPRegen 2.76/turn    (no ring)
MPRegen 0.62/turn

%: no passive effects
@: maw-form
A: devouring maw, large, unfitting armour, claws 3, regeneration 1, shaggy fur
1, tough skin 1, clever 2, strong-willed 1, passive freeze, acidic bite,
pseudopods 3, jelly absorbing missiles, MP-powered wands, noise suppression
a: Begin Untransformation, Renounce Religion, Oozemancy, Slimify


You were on level 1 of the Lair of Beasts.
You worshipped Jiyva.
Jiyva was exalted by your worship.
You were a creature with a mouth for a stomach.
You visited 2 branches of the dungeon, and saw 9 of its levels.

You collected 424 gold pieces.
You spent 30 gold pieces at shops.

Inventory:

Hand Weapons
 e - a +2 antimagic dagger
 g - a +1 dagger of speed
 y - a +0 battleaxe
 B - a +3 quarterstaff of chaos
 D - a +5 spear
 E - a +2 dagger of electrocution
 N - a +0 dagger of chaos
 O - a +0 whip of flaming
Missiles
 o - 5 atropa-tipped darts
 w - 7 boomerangs
 C - 8 poisoned darts
Armour
 a - a +0 animal skin (melded)
 i - a +0 cloak (worn)
 x - an orb of energy
 P - a scarf of harm
Jewellery
 Q - a ring of positive energy (left claw)
Talismans
 c - a beast talisman
 d - a flux talisman
 r - a maw talisman (active)
Wands
 q - a wand of mindburst (13)
 A - a wand of flame (15)
 F - a wand of charming (9)
 J - a wand of digging (3)
Scrolls
 f - 3 scrolls of revelation {unknown}
 h - a scroll of immolation {unknown}
 j - a scroll of poison {unknown}
 p - a scroll of enchant armour {unknown}
 u - a scroll of fog {unknown}
 v - 4 scrolls of noise {unknown}
 G - 5 scrolls of identify
 I - a scroll of silence {unknown}
 L - a scroll of vulnerability {unknown}
Potions
 b - 2 potions of lignification
 k - a potion of mutation {unknown}
 l - 2 potions of berserk rage {unknown}
 m - 2 potions of cancellation {unknown}
 n - 6 potions of curing
 s - a potion of might {unknown}
 t - a potion of attraction {unknown}
 z - 2 potions of ambrosia {unknown}
 H - 2 potions of heal wounds {unknown}
 K - a potion of magic {unknown}
 M - a potion of brilliance {unknown}


   Skills:
 + Level 2.6 Fighting
 + Level 3.0 Dodging
 + Level 4.3 Unarmed Combat
 * Level 15.0 Shapeshifting


You had 10 spell levels left.
You didn't know any spells.
Your spell library contained the following spells:

 Spells                   Type           Power      Damage    Failure   Level
 Freeze                   Ice            0%         1d3       28%         1
 Magic Dart               Conj           0%         1d3       28%         1
 Shock                    Conj/Air       0%         1d3       28%         1
 Sublimation of Blood     Necr           0%         N/A       41%         2
 Frozen Ramparts          Ice            0%         1d1       65%         3
 Hailstorm                Conj/Ice       0%         3d3       65%         3
 Swiftness                Air            0%         N/A       65%         3
 Airstrike                Air            0%         2d(0-16)  96%         4
 Petrify                  Tmut/Erth      0%         N/A       96%         4
 Irradiate                Conj/Tmut      0%         3d11      100%        5


Dungeon Overview and Level Annotations

Branches:
Dungeon (8/15)             Temple (0/1) D:7            Lair (1/5) D:8

Altars:
Elyvilon
Fedhas
Hepliaklqana
Makhleb
Qazlal
Sif Muna
Trog
Uskayaw
Vehumet
Wu Jian
Jiyva

Shops:
D:8 ?


Innate Abilities, Weirdness & Mutations

You are a creature with a mouth for a stomach.
Your midsection houses a second, enormous mouth.
You are too large for most types of armour.
You have claws for hands.
Your natural rate of healing is unusually fast.
You are covered in fur. (AC +1)
You have tough skin. (AC +1)
Your mind is very acute. (Int +8, Str/Dex -2)
You are strong-willed. (Will+)
A frigid envelope surrounds you and freezes all who hurt you.
You have acidic saliva.
Armour fits poorly on your massive pseudopods.
You have a small jelly attached to you that may absorb projectiles.
You expend magic power (3 MP) to strengthen your wands.
You passively dampen the noise of your surroundings.


Message History

The polar bear is heavily wounded.
The polar bear claws you. The polar bear bites you!
* * * LOW HITPOINT WARNING * * *
The polar bear resists.
The polar bear is very cold.
You kill the polar bear!
You barely miss the polar bear. Your bite misses the polar bear.
You bludgeon the polar bear!
You bite the polar bear, but do no damage.
The polar bear is severely wounded.
The polar bear goes berserk!
You barely miss the polar bear. Your claw misses the polar bear.
You bite the polar bear, but do no damage.
The polar bear is severely wounded.
The polar bear closely misses you. The polar bear barely misses you.
The polar bear claws you.
The polar bear resists.
The polar bear is very cold.
The polar bear is almost dead.
The polar bear barely misses you. The polar bear closely misses you.
The polar bear claws you.
* * * LOW HITPOINT WARNING * * *
You barely miss the polar bear. You bludgeon the polar bear.
The polar bear is almost dead.
The polar bear barely misses you. x3
You barely miss the polar bear. Your bludgeon misses the polar bear.
You bite the polar bear.
The polar bear is almost dead.
The polar bear bites you!!
* * * LOW HITPOINT WARNING * * *
You shudder from the blow and a jelly pops out!
The polar bear resists.
The polar bear is very cold.
The polar bear is almost dead.
The polar bear barely misses you.
The polar bear claws you but does no damage.
The polar bear resists.
The polar bear is very cold.
The polar bear is almost dead.
The polar bear completely misses you. The polar bear claws you.
* * * LOW HITPOINT WARNING * * *
The polar bear resists.
The polar bear is very cold.
The polar bear is almost dead.
The polar bear claws you.
You die...

..#......#.###.#.#.....P#####....
.##........# #.####....## #....
.#.......### #....##...# #....
##.......##..#.....#...# #....
##.......##..###...#...# #....
.#.......#.....#...##..# #....
.#.......#...#.###.##..######....
.#.......# ##.Jh.#.##............
##........ #...#W..#.....##+#.#
.........####.[#...#...#......
#........#..#..#...#..........
.#.####..#..#/.##......#.........
...#..#..#..#####..#...#.........
.⌠.+..P..#...###...#...#........
.........#.......P##.....####.###
#..#.....###†.##.##..............
......#....#.######..............


You could see a polar bear (berserk, ally target) and a friendly azure jelly
(summoned).

Vanquished Creatures
  Pikel (D:8)
  2 oklob plants (Lair:1)
  2 cane toads (Lair:1)
  Psyche (D:8)
  A troll (D:8)
  3 polar bears (Lair:1)
  Eustachio (D:6)
  3 yaks (D:6)
  2 water moccasins (Lair:1)
  An orc warrior (D:5)
  2 ice beasts (D:8)
  2 sky beasts (D:6)
  6 black bears
  A centaur (D:6)
  2 ogres
  2 wolves (Lair:1)
  4 lemures (D:8)
  A phantom (D:5)
  4 bullfrogs
  3 scorpions
  6 wights (D:6)
  3 electric eels (D:8)
  A howler monkey (D:6)
  3 hounds (D:8)
  An orc priest (D:6)
  Crazy Yiuf (D:4)
  5 orc wizards
  A sleepcap (D:8)
  2 iguanas (D:5)
  Ijyb (D:3)
  3 gnolls (D:4)
  4 adders
  A shadow imp (D:8)
  A white imp (D:7)
  An ufetubus (D:5)
  A worm (D:4)
  A dart slug (D:4)
  23 orcs
  2 endoplasms (D:1)
  6 giant cockroaches
  8 goblins
  4 hobgoblins
  2 jackals (D:2)
  2 quokkas
  7 ball pythons
  5 bats
  2 frilled lizards (D:1)
  8 kobolds
  4 rats
153 creatures vanquished.

Vanquished Creatures (collateral kills)
  A catoblepas (Lair:1)
  A komodo dragon (Lair:1)
  2 steam dragons
  A water moccasin (Lair:1)
  An ogre (D:7)
  5 wolves (Lair:1)
  An iguana (D:7)
12 creatures vanquished.

Vanquished Creatures (others)
  A black bear (Lair:1)
  An ice beast (D:7)
  2 bullfrogs (Lair:1)
  6 hounds
  11 jellies
  An orc priest (D:8)
  A sleepcap (D:5)
  An orc wizard (D:8)
  A gnoll (D:3)
  A shadow imp (D:8)
  3 ufetubi (D:5)
  3 orcs (D:8)
32 creatures vanquished.

Grand Total: 197 creatures vanquished

Notes
Turn   | Place    | Note
-------+----------+-------------------------------------------
     0 | D:1      | javelincjr the Troll Shapeshifter began the quest for the
                  | Orb.
     0 | D:1      | Reached XP level 1. HP: 18/18 MP: 0/0
   141 | D:1      | Reached XP level 2. HP: 26/26 MP: 1/1
   750 | D:2      | Reached skill level 4 in Shapeshifting
   754 | D:2      | Reached XP level 3. HP: 32/32 MP: 2/2
   826 | D:2      | Found a radiant altar of Vehumet.
  1014 | D:2      | Found a faded altar of an unknown god.
  1088 | D:2      | Prayed at the altar of an unknown god.
  1088 | D:2      | Became a worshipper of Jiyva Jouwuoqi the Shapeless
  1088 | D:2      | Reached * piety under Jiyva
  1340 | D:3      | Noticed Ijyb
  1349 | D:3      | Killed Ijyb
  1350 | D:3      | Reached XP level 4. HP: 40/40 MP: 3/3
  1464 | D:3      | Reached ** piety under Jiyva
  1493 | D:3      | Found a white marble altar of Elyvilon.
  1605 | D:3      | Reached skill level 5 in Shapeshifting
  1854 | D:3      | Reached *** piety under Jiyva
  1854 | D:3      | Gained mutation: You have a small jelly attached to you
                  | that senses nearby items. [Jiyva's grace]
  1854 | D:3      | Gained mutation: You passively dampen the noise of your
                  | surroundings. [Jiyva's grace]
  1854 | D:3      | Gained mutation: A frigid envelope surrounds you and
                  | freezes all who hurt you. [Jiyva's grace]
  1854 | D:3      | Gained mutation: You have a small jelly attached to you
                  | that may absorb projectiles. [Jiyva's grace]
  2173 | D:4      | Found a hide-covered altar of Uskayaw.
  2240 | D:4      | Reached XP level 5. HP: 22/46 MP: 4/4
  2351 | D:4      | Found a runed translucent door.
  2352 | D:4      | Noticed Crazy Yiuf
  2359 | D:4      | Killed Crazy Yiuf
  2507 | D:4      | Found a burning altar of Makhleb.
  2676 | D:5      | Identified the of Xotzy
  2676 | D:5      | Identified the "Hohu"
  2676 | D:5      | Entered Level 5 of the Dungeon
  2690 | D:5      | Reached skill level 6 in Shapeshifting
  2690 | D:5      | Reached XP level 6. HP: 48/54 MP: 5/5
  2712 | D:5      | Reached **** piety under Jiyva
  2967 | D:5      | Noticed an orc warrior
  2970 | D:5      | Found a bloodstained altar of Trog.
  2972 | D:5      | Killed an orc warrior
  2984 | D:5      | Found a shimmering blue altar of Sif Muna.
  2988 | D:5      | Reached skill level 7 in Shapeshifting
  3014 | D:5      | Reached XP level 7. HP: 61/61 MP: 6/6
  3078 | D:5      | Reached skill level 8 in Shapeshifting
  3098 | D:5      | Found a radiant altar of Vehumet.
  3316 | D:6      | HP: 2/57 [wight/+4 dire flail (11)]
  3375 | D:6      | Found a stormy altar of Qazlal.
  3382 | D:6      | Reached skill level 9 in Shapeshifting
  3411 | D:6      | Reached ***** piety under Jiyva
  3411 | D:6      | Gained mutation: Armour fits poorly on your pseudopods.
                  | [Jiyva's grace]
  3411 | D:6      | Gained mutation: Armour fits poorly on your large
                  | pseudopods. [Jiyva's grace]
  3411 | D:6      | Gained mutation: Armour fits poorly on your massive
                  | pseudopods. [Jiyva's grace]
  3411 | D:6      | Gained mutation: You have acidic saliva. [Jiyva's grace]
  3430 | D:6      | Noticed a yak
  3431 | D:6      | Noticed a yak
  3443 | D:6      | Noticed a yak
  3448 | D:6      | Killed a yak
  3449 | D:6      | Reached XP level 8. HP: 62/68 MP: 7/7
  3457 | D:6      | Reached skill level 10 in Shapeshifting
  3666 | D:6      | Noticed Eustachio
  3679 | D:6      | Killed Eustachio
  3717 | D:6      | Reached skill level 11 in Shapeshifting
  3777 | D:6      | Reached XP level 9. HP: 65/75 MP: 8/8
  4365 | D:7      | Found a staircase to the Ecumenical Temple.
  4461 | D:8      | Reached ****** piety under Jiyva
  4522 | D:8      | Lost mutation: You have a small jelly attached to you that
                  | senses nearby items. [Jiyva's grace]
  4522 | D:8      | Gained mutation: You expend magic power (3 MP) to
                  | strengthen your wands. [Jiyva's grace]
  4522 | D:8      | Gained mutation: Your mind is acute. (Int +4, Str/Dex -1)
                  | [Jiyva's grace]
  4522 | D:8      | Gained mutation: Your mind is very acute. (Int +8, Str/Dex
                  | -2) [Jiyva's grace]
  4522 | D:8      | Gained mutation: You are strong-willed. (Will+) [Jiyva's
                  | grace]
  4609 | D:8      | Found an ornate altar of the Wu Jian Council.
  4653 | D:8      | Reached skill level 12 in Shapeshifting
  4772 | D:8      | Noticed a troll
  4785 | D:8      | Killed a troll
  4836 | D:8      | Found a staircase to the Lair.
  4895 | D:8      | Found a hazy altar of Hepliaklqana.
  5113 | D:8      | Found Fylegud's Magic Scroll Boutique.
  5121 | D:8      | Bought a scroll of identify for 30 gold pieces
  5248 | D:8      | Noticed Psyche
  5253 | D:8      | Killed Psyche
  5254 | D:8      | Reached skill level 13 in Shapeshifting
  5284 | D:8      | Noticed Pikel
  5289 | D:8      | Killed Pikel
  5290 | D:8      | Reached XP level 10. HP: 83/83 MP: 7/9
  5505 | IceCv    | Identified the of Reckueck
  5505 | IceCv    | Identified the "Pyreuch"
  5505 | Lair:1   | Entered Level 1 of the Lair of Beasts
  5505 | Lair:1   | Noticed a cane toad
  5508 | Lair:1   | Killed a cane toad
  5527 | Lair:1   | Noticed a cane toad
  5528 | Lair:1   | Noticed a catoblepas
  5539 | Lair:1   | Killed a cane toad
  5549 | Lair:1   | Killed a catoblepas
  5550 | Lair:1   | Reached skill level 14 in Shapeshifting
  5561 | Lair:1   | Reached skill level 1 in Fighting
  5678 | Lair:1   | Found a blossoming altar of Fedhas.
  5680 | Lair:1   | Noticed an oklob plant
  5681 | Lair:1   | Noticed an oklob plant
  5685 | Lair:1   | Killed an oklob plant
  5695 | Lair:1   | Killed an oklob plant
  5942 | Lair:1   | Reached XP level 11. HP: 77/94 MP: 10/10
  5972 | Lair:1   | Reached skill level 15 in Shapeshifting
  5977 | Lair:1   | HP: 1/96 [polar bear (5)]
  5977 | Lair:1   | Slain by a polar bear

Illustrated notes

Levels and vault maps discovered:
D:1:      dpeg_arrival_erosion, layout_basic
D:2:      layout_loops_ring, basic_altar, hellmonk_ecumenical_altar_heavens_door
D:3:      layout_basic, nicolae_elyvilon_peaceful_grove, cheibrodos_gnoll_hut,
          uniq_ijyb
D:4:      layout_rooms, lightli_temple_of_fire, nicolae_uskayaw_dance_hall,
          uniq_crazy_yiuf_cottage
D:5:      layout_basic, nzn_overflow_gifts_of_might_and_magic,
          overflow_temple_1_default, hangedman_decor_slide_cut
D:6:      layout_gridville, nicolae_qazlal_beasts_of_the_sky, uniq_eustachio
D:7:      layout_cave_pools, minmay_temple_entry_poolview
D:8:      layout_loops_corners, mainiacjoe_overflow_six_doors_small,
          worldfamousw_hep_ancestral_shrine, erik_lair_island, serial_shops,
          nicolae_shop_hallway_plus, uniq_pikel, uniq_psyche
Lair:1:   beast_lair_carwin_large_3, layout_chaotic_city,
          chequers_serial_rivers_small_3, hangedman_tree_tricks,
          grunt_megastairs_4, infiniplex_staircase_pool_2

Skill      XL: |  1  2  3  4  5  6  7  8  9 10 11 |
---------------+----------------------------------+-----
Shapeshifting  | 4 5 6 7 9 11 13 14 15 | 15.0
Fighting       | 2 |  2.6
Dodging        | 2 3 |  3.0
Unarmed Combat | 4 |  4.3

Action                     |  1- 3 |  4- 6 |  7- 9 | 10-12 || total
---------------------------+-------+-------+-------+-------++-------
  Melee: Unarmed           |    92 |    63 |   116 |    60 ||   331
         Punch             |     1 |     1 |     3 |     3 ||     8
         Bite              |       |       |    11 |    12 ||    23
         Pseudopods        |       |       |    18 |    21 ||    39
         Maw               |       |       |     3 |    34 ||    37
 Invoke: Oozemancy         |       |       |     1 |       ||     1
  Evoke: Wand              |       |     2 |     4 |       ||     6
    Use: Potion            |       |       |     1 |       ||     1
   Stab: Petrified         |       |       |       |     3 ||     3
 Armour: Animal skin       |    69 |    47 |    68 |       ||   184
         Skin              |       |       |    33 |    79 ||   112
  Dodge: Dodged            |    40 |    25 |    52 |    29 ||   146
   Form: Maw               |       |       |     1 |       ||     1

Table legend: (Time is in decaauts)
 A = Elapsed time spent in this place.
 B = Non-inter-level travel time spent in this place.
 C = Inter-level travel time spent in this place.
 D = Time resting spent in this place.
 E = Time spent auto-exploring this place.
 F = Levels seen in this place.
 G = Mean time per level.
                   A        B        C        D        E       F      G
               +--------+--------+--------+--------+--------+-----+--------+
         Total |   5956 |   5774 |    182 |      0 |   4568 |   9 |  661.8 |
       Dungeon |   5488 |   5307 |    181 |      0 |   4253 |   8 |  686.0 |
          Lair |    467 |    467 |      0 |      0 |    315 |   1 |  467.0 |
               +--------+--------+--------+--------+--------+-----+--------+

Top non-repeatable levels by time:
     D:8: 1054 daAuts
     D:3: 828 daAuts
     D:1: 710 daAuts
     D:6: 674 daAuts
     D:2: 624 daAuts
     D:5: 608 daAuts
     D:4: 504 daAuts
     D:7: 483 daAuts
  Lair:1: 467 daAuts
